 Dungeon Crawl Stone Soup version 0.27-a0-1529-g1e82c303ef (webtiles) character file.

Game seed: 528031346964564756

425702 freelancePsychic the Slayer (level 22, -2/220 HPs)
             Began as a Minotaur Arcane Marksman on July 10, 2021.
             Was the Champion of Okawaru.
             Slain by a deep troll (6 damage)
             ... while paralysed by a floating eye
             ... on level 3 of the Depths on July 11, 2021.
             The game lasted 02:34:16 (63003 turns).

freelancePsychic the Slayer (MiAM)                 Turns: 63003, Time: 02:34:16

Health: -2/220     AC: 32    Str: 30    XL:     22   Next: 74%
Magic:  25/26      EV:  2    Int: 10    God:    Okawaru [******]
Gold:   5669       SH:  0    Dex: 12    Spells: 22/23 levels left

rFire    + + .     SeeInvis .   b - +7 longbow (freeze)
rCold    + + +     Faith    .   (shield currently unavailable)
rNeg     + + +     Spirit   .   l - +3 chain mail of Unambiguity {*Slow +Inv rElec rN++}
rPois    +         Reflect  .   t - -2 hat of the Alchemist {rElec rPois rF+ rC+ rN+ Will+ rMut rCorr}
rElec    +         Harm     .   N - +2 cloak {rC+}
rCorr    +         Rampage  .   d - +3 pair of gloves of the Earth {+Blink rC+}
rMut     +         Clarity  +   f - +2 pair of boots
Will     +++++                  Z - amulet of the Four Winds {rN+ Will+++ Clar}
Stlth    ..........             P - ring of protection from fire
HPRegen  0.46/turn              J - +6 ring of strength
MPRegen  0.20/turn

@: paralysed, heroic, hasted
A: horns 2, retaliatory headbutt
}: 2/15 runes: decaying, gossamer
a: Renounce Religion, Evoke Blink, Evoke Invisibility, Heroism, Finesse


You were on level 3 of the Depths.
You worshipped Okawaru.
Okawaru was exalted by your worship.
You visited 9 branches of the dungeon, and saw 42 of its levels.
You also visited: Sewer, Gauntlet and Ice Cave.

You collected 6325 gold pieces.
You spent 656 gold pieces at shops.

Inventory:

Hand Weapons
 a - a +5 longbow of flaming
 b - a +7 longbow of freezing (weapon)
 g - the +9 staff of Olgreb {rPois∞}
   (You found it on level 6 of the Lair of Beasts)

   It may poison the flesh of those it strikes, and is more effective with a
   high Evocations skill.
   It enhances your poison magic.
   It grants immunity to poison.
   It can be evoked to poison those around you for a time.
Missiles
 c - 824 arrows (quivered ammo)
Armour
 d - the +3 pair of gloves of the Earth (worn) {+Blink rC+}
   (Okawaru gifted it to you on level 3 of the Spider Nest)

   rC:        It protects you from cold.
   +Blink:    It lets you blink.
 f - a +2 pair of boots (worn)
 l - the +3 chain mail of Unambiguity (worn) {*Slow +Inv rElec rN++}
   (You bought it in a shop on level 2 of the Orcish Mines)

   rElec:     It insulates you from electricity.
   rN:        It greatly protects you from negative energy.
   +Inv:      It lets you turn invisible.
   *Slow:     It may slow you when you take damage.
 t - the -2 hat of the Alchemist (worn) {rElec rPois rF+ rC+ rN+ Will+ rMut rCorr}
   (You found it in a Gauntlet)

   rF:        It protects you from fire.
   rC:        It protects you from cold.
   rElec:     It insulates you from electricity.
   rPois:     It protects you from poison.
   rN:        It protects you from negative energy.
   rCorr:     It protects you from acid and corrosion.
   rMut:      It protects you from mutation.
   Will:      It increases your willpower.
 N - a +2 cloak of cold resistance (worn)
 Q - a scarf of invisibility
Jewellery
 e - a ring of protection from cold
 u - a ring of flight
 w - a ring of willpower
 J - a +6 ring of strength (right hand)
 P - a ring of protection from fire (left hand)
 T - a ring of ice
 Z - the amulet of the Four Winds (around neck) {rN+ Will+++ Clar}
   (You took it off a deep elf demonologist on level 3 of the Elven Halls)

   [amulet of nothing]

   rN:        It protects you from negative energy.
   Clar:      It protects you against confusion.
   Will:      It greatly increases your willpower.
Wands
 k - a wand of charming (36)
 m - a wand of mindburst (15)
 s - a wand of digging (20)
 G - a wand of iceblast (53)
 I - a wand of paralysis (19)
 M - a wand of acid (7)
 R - a wand of flame (111)
 Y - a wand of polymorph (17)
Scrolls
 h - 17 scrolls of identify {@r1}
 n - 4 scrolls of teleportation {@r4}
 p - 2 scrolls of brand weapon
 q - 2 scrolls of blinking
 r - 3 scrolls of enchant armour
 y - 3 scrolls of silence
 C - 10 scrolls of immolation
 E - 4 scrolls of torment
 F - 3 scrolls of holy word
 H - a scroll of magic mapping
 L - 8 scrolls of amnesia
Potions
 i - 9 potions of magic
 j - 8 potions of mutation
 o - 3 potions of resistance
 v - 5 potions of lignification
 x - 11 potions of curing {@q1}
 z - 10 potions of might
 A - 2 potions of invisibility
 B - 5 potions of ambrosia
 K - 8 potions of attraction
 O - 2 potions of haste {@q3}
 S - 3 potions of flight
 U - a potion of cancellation
Miscellaneous
 V - a condenser vane (inert)
 X - a phial of floods


   Skills:
 + Level 23.4(27) Fighting
 - Level 4.0(9.0) Staves
 - Level 4.0(9.0) Slings
 - Level 20.0(25.0) Bows
 + Level 21.2(26.2) Armour
 + Level 20.1(25.1) Dodging
 - Level 1.0 Spellcasting
 - Level 2.0 Hexes
 - Level 7.0 Invocations
 - Level 13.6 Evocations


You had 22 spell levels left.
You knew the following spells:

 Your Spells              Type           Power      Damage    Failure   Level
a - Corona                Hex            4%         N/A       30%         1

Your spell library contained the following spells:

 Spells                   Type           Power      Damage    Failure   Level
 Slow                     Hex            4%         N/A       43%         2
 Foxfire                  Conj/Fire      0%         2x1d4     56%         1
 Magic Dart               Conj           0%         1d3       56%         1
 Sandblast                Erth           0%         2d4       56%         1
 Shock                    Conj/Air       0%         1d3       56%         1
 Sting                    Tmut/Pois      0%         1d3       56%         1
 Summon Small Mammal      Summ           0%         N/A       56%         1
 Ensorcelled Hibernation  Hex/Ice        4%         N/A       56%         2
 Tukima's Dance           Hex            4%         N/A       67%         3
 Call Imp                 Summ           0%         N/A       71%         2
 Corpse Rot               Necr/Air       N/A        N/A       71%         2
 Passwall                 Tmut/Erth      0%         N/A       71%         2
 Poisonous Vapours        Pois/Air       0%         N/A       71%         2
 Static Discharge         Conj/Air       0%         N/A       71%         2
 Inner Flame              Hex/Fire       2%         N/A       80%         3
 Portal Projectile        Hex/Tloc       4%         N/A       80%         3
 Summon Guardian Golem    Hex/Summ       2%         N/A       80%         3
 Call Canine Familiar     Summ           0%         N/A       91%         3
 Conjure Flame            Conj/Fire      0%         6-21      91%         3
 Gell's Gravitas          Tloc           0%         N/A       91%         3
 Ignite Poison            Fire/Tmut/Pois 0%         N/A       91%         3
 Lesser Beckoning         Tloc           0%         N/A       91%         3
 Mephitic Cloud           Conj/Pois/Air  0%         N/A       91%         3
 Swiftness                Air            0%         N/A       91%         3
 Teleport Other           Tloc           0%         N/A       91%         3
 Cause Fear               Hex            2%         N/A       97%         4
 Fulminant Prism          Conj/Hex       1%         3d6       99%         4
 Leda's Liquefaction      Hex/Erth       1%         N/A       99%         4
 Airstrike                Air            0%         N/A       100%        4
 Dispel Undead            Necr           0%         3d6       100%        4
 Olgreb's Toxic Radiance  Pois           0%         N/A       100%        4
 Passage of Golubria      Tloc           N/A        N/A       100%        4
 Blade Hands              Tmut           0%         N/A       100%        5
 Bolt of Magma            Conj/Fire/Erth 0%         4d4       100%        5
 Excruciating Wounds      Necr           0%         N/A       100%        5
 Freezing Cloud           Conj/Ice/Air   0%         6-21      100%        5
 Irradiate                Conj/Tmut      0%         3d13      100%        5
 Iskenderun's Battlesphe  Conj           0%         2d6       100%        5
 Lee's Rapid Deconstruct  Erth           0%         3d5*      100%        5
 Lightning Bolt           Conj/Air       0%         1d11      100%        5
 Silence                  Hex/Air        1%         N/A       100%        5
 Summon Forest            Summ/Tloc      0%         N/A       100%        5
 Yara's Violent Unravell  Hex/Tmut       1%         3d3       100%        5
 Death Channel            Necr           0%         N/A       100%        6
 Dispersal                Tloc           0%         N/A       100%        6
 Eringya's Noxious Bog    Tmut/Pois      0%         N/A       100%        6
 Invisibility             Hex            2%         N/A       100%        6
 Iron Shot                Conj/Erth      0%         9d1       100%        6
 Statue Form              Tmut/Erth      0%         N/A       100%        6
 Dragon Form              Tmut           0%         N/A       100%        7
 Malign Gateway           Summ/Tloc      0%         N/A       100%        7
 Summon Hydra             Summ           0%         N/A       100%        7
 Lehudib's Crystal Spear  Conj/Erth      0%         10d2      100%        8
 Maxwell's Capacitive Co  Air            0%         ∞         100%        8
 Summon Horrible Things   Summ           0%         N/A       100%        8
 Dragon's Call            Summ           0%         N/A       100%        9


Dungeon Overview and Level Annotations

Branches:
Dungeon (15/15)            Temple (1/1) D:4            Lair (6/6) D:11
  Swamp (4/4) Lair:3       Spider (4/4) Lair:2        Slime (0/5) Lair:5
    Orc (2/2) D:9             Elf (3/3) Orc:2        Vaults (4/5) D:13
  Crypt (0/3) Vaults:3     Depths (3/5) D:15          Sewer (visited)
  IceCv (visited)         Gauntlet (visited)

Altars:
Ashenzari
Cheibriados
Dithmenos
Elyvilon
Fedhas
Gozag
Hepliaklqana
Kikubaaqudgha
Makhleb
Nemelex Xobeh
Okawaru
Qazlal
Ru
Sif Muna
Trog
Uskayaw
Vehumet
Wu Jian
Xom
Yredelemnul
Zin
The Shining One
Beogh
Jiyva

Shops:
D:13 *   D:15 (   Orc:1 =   Orc:2 :[([   Elf:2 [*:(=(   Elf:3 [   Vaults:2 *

Portals:
Hell: Depths:1 Depths:2
Pandemonium: Depths:3

Annotations:
D:4 exclusion: downstairs
D:14 2 runed translucent doors, dolemite99's ghost, journeyman MiFi
Lair:2 1 runed translucent door, Nausicaa's ghost, journeyman TrMo
Lair:3 2 transporters, benadryl's ghost, journeyman TrHu
Lair:5 1 runed translucent door
Spider:2 3 runed translucent doors, dolemite99's ghost, adept HOFi
Elf:2 3 runed translucent doors
Depths:1 3 runed translucent doors


Innate Abilities, Weirdness & Mutations

You have a pair of horns on your head.
You reflexively headbutt those who attack you in melee.


Message History

The large rock hits you but does no damage.
The vampire knight closely misses you. You furiously retaliate!
You headbutt the vampire knight. The vampire knight bites you!
* * * LOW HITPOINT WARNING * * *
You feel much better.
Your surroundings suddenly seem different.
A brown very ugly thing comes into view.
The brown very ugly thing gurgles horribly!
You hear a horrible gurgling sound!
You hear a shout!
A titan comes into view.
You hear a deafening roar!
You hear a horrible gurgling sound!
You hear a horrible gurgling sound! x2; You hear a shout!
Your hands slow down.
The titan points at you and mumbles some strange words.
The bolt of lightning hits you! You resist.
* * * LOW HITPOINT WARNING * * *
You hear a horrible gurgling sound!
A floating eye comes into view.
The floating eye turns its gaze towards you.
You feel yourself speed up. The floating eye's view fixates on you.
The floating eye gazes piercingly through you!
You suddenly lose the ability to move!
A frost giant comes into view.
It is wielding a +1 battleaxe of freezing.
The frost giant shouts!
The frost giant hits you with a +1 battleaxe of freezing!
* * * LOW HITPOINT WARNING * * *
The brown very ugly thing pecks you but does no damage.
The frost giant hits you with a +1 battleaxe of freezing!
* * * LOW HITPOINT WARNING * * *
The frost giant freezes you.
* * * LOW HITPOINT WARNING * * *
The brown very ugly thing pecks you!
* * * LOW HITPOINT WARNING * * *
You are splashed with acid.
You resist.
* * * LOW HITPOINT WARNING * * *
The deep troll bites you but does no damage.
The deep troll claws you but does no damage.
The deep troll claws you.
You die...

......#......[# . #...## ......##
#.(##.. ##....##
.......##'##((.##.. ##.......
................##.. ##........
..###.....≈(..≈..###'###.........
..# #####.##[(............C.....#
..### #.##.#.#####.##..........
....###########C#######.#≈≈≈≈≈≈≈≈
#.#.............@uGC....#≈≈≈≈≈≈≈≈
#####'###########T###'###≈######≈
#>......... .........#≈# ≈
#####'####### #####.#'###≈#
#.#.......... ...... #≈#
....######### ### ### .#### .# <#


You could see a titan, a frost giant, a brown very ugly thing, a deep troll and
a floating eye.

Vanquished Creatures
  2 juggernauts (Depths:3)
  Bai Suzhen (Elf:3)
  3 caustic shrikes (Depths:3)
  Saint Roka (Orc:1)
  Jory (Vaults:3)
  Arachne (Spider:2)
  A tentacled monstrosity (Swamp:4)
  Rupert (Lair:4)
  Jorgrun (D:12)
  Asterion (Spider:2)
  2 deep elf blademasters (Elf:3)
  2 sphinxes
  Frances (D:13)
  Kirke (Swamp:4)
  3 tengu reavers
  Roxanne (Elf:2)
  A shadow dragon (Depths:3)
  Donald (Spider:3)
  2 fenstrider witches
  An azure jelly (Swamp:4)
  4 fire giants
  11 vault wardens
  2 frost giants
  Aizul (Lair:3)
  8 deep elf sorcerers (Elf:3)
  A ghost moth (Spider:4)
  3 orc warlords
  A balrug (Depths:1)
  The ghost of indyram44 the Tortoise, a journeyman MiBe of Trog (Orc:2)
  3 emperor scorpions (Spider:4)
  16 ironbound preservers
  A spriggan defender (Depths:3)
  A reaper (IceCv)
  8 stone giants
  4 deep elf elementalists (Elf:3)
  4 deep elf demonologists (Elf:3)
  17 very ugly things
  3 deep elf annihilators
  3 vampire knights
  Azrael (Orc:2)
  3 entropy weavers
  A minotaur (Gauntlet)
  5 dire elephants
  A spark wasp (Spider:4)
  7 bunyips
  6 eleionomae
  7 deep elf death magi (Elf:3)
  Snorg (Lair:4)
  7 ettins
  8 fire dragons
  7 yaktaur captains
  Josephine (D:15)
  4 deep elf high priests
  5 great orbs of eyes
  7 vault guards
  A rakshasa (Depths:2)
  5 ironbound thunderhulks
  11 hydras
  4 boulder beetles
  11 ice dragons
  12 centaur warriors
  4 spriggan air magi
  8 ironbound frosthearts
  A catoblepas (Gauntlet)
  4 ghost crabs
  13 dancing weapons
  A death knight (D:13)
  5 death yaks (Lair:3)
  6 alligators
  An alligator (shapeshifter) (Elf:1)
  5 deep troll shamans
  6 tengu warriors
  9 death scarabs
  6 deep troll earth magi
  6 two-headed ogres
  4 orc high priests
  6 spriggan berserkers
  5 ironbound beastmasters
  10 hell knights
  16 deep elf knights
  3 iron trolls (Depths:1)
  8 goliath frogs
  A flayed ghost (Depths:2)
  A swamp dragon (shapeshifter) (D:13)
  3 spriggan druids
  13 deep elf archers
  2 bog bodies
  A glowing orange brain (Vaults:4)
  5 spectral wolf spiders (Spider:4)
  59 deep trolls
  4 swamp dragons
  22 deep elf zephyrmancers
  5 wolf spider zombies (Spider:4)
  2 phantasmal warriors (Depths:2)
  2 necromancers (Depths:3)
  11 orc knights
  9 harpies
  27 wolf spiders
  9 wizards
  8 lindwurms
  An oklob plant (Lair:3)
  A harpy (shapeshifter) (D:13)
  3 orc sorcerers
  11 ironbound convokers
  A will-o-the-wisp (Swamp:2)
  17 deep elf pyromancers
  13 orb spiders
  51 ugly things
  4 cyclopes
  3 manticores
  13 elephants
  4 moths of wrath
  2 ice statues (IceCv)
  3 molten gargoyles (Lair:6)
  Maurice (D:8)
  2 smoke demons (Depths:1)
  10 black mambas
  10 vault sentinels
  2 torpor snails
  6 cane toads
  Psyche (D:12)
  3 gargoyles
  2 rime drakes
  A cane toad (shapeshifter) (D:14)
  2 minotaur zombies (Gauntlet)
  Maggie (D:6)
  3 redback zombies (Spider:4)
  6 komodo dragons
  A kobold demonologist (D:13)
  13 demonic crawlers
  3 spectral redbacks (Spider:4)
  An efreet (D:9)
  23 yaktaurs
  6 ice devils (IceCv)
  An anaconda simulacrum (IceCv)
  An entropy weaver simulacrum (IceCv)
  7 freezing wraiths
  15 tyrant leeches
  A meliai (shapeshifter) (D:14)
  38 jumping spiders
  4 tengu conjurers
  4 spectral jumping spiders (Spider:4)
  A polar bear (Lair:5)
  28 slime creatures
  8 trolls
  A spectral tarantella (Spider:4)
  13 blink frogs
  A raiju (Swamp:4)
  A tarantella zombie (Spider:4)
  6 hornets
  A jumping spider zombie (Spider:4)
  A raiju (shapeshifter) (D:13)
  62 redbacks
  2 spriggans (Swamp:3)
  8 water elementals
  37 tarantellas
  4 vampires
  7 wraiths
  10 wyverns
  47 yaks
  7 basilisks
  9 fire elementals
  4 hogs (Swamp:4)
  8 vampire mosquitoes
  2 steam dragons
  4 wargs
  A death yak simulacrum (IceCv)
  4 swamp worm simulacra (Swamp:4)
  14 swamp worms
  A spectral cane toad (Gauntlet)
  Edmund (D:3)
  12 hydra simulacra (Swamp:4)
  5 acid dragons
  6 hell hounds
  11 black bears
  2 sky beasts
  14 water moccasins
  55 orc warriors
  2 spectral hornets (Spider:4)
  6 ogres
  A necrophage (D:5)
  18 wolves
  7 boggarts
  10 centaurs
  3 phantoms
  4 kobold brigands
  16 bullfrogs
  2 gnoll sergeants
  2 earth elementals
  2 two-headed ogre simulacra (IceCv)
  A wyvern skeleton (D:7)
  3 scorpions
  3 elephant simulacra (IceCv)
  5 killer bees
  3 vampire bats
  11 wights
  2 howler monkeys (D:14)
  5 lava snakes (Lair:6)
  2 bullfrog zombies
  A hound (D:5)
  6 centaur zombies
  3 jellies
  A gnoll shaman (D:9)
  A centaur skeleton (D:7)
  37 orc priests
  2 bullfrog skeletons
  25 orc wizards
  A polar bear simulacrum (IceCv)
  Ijyb (D:4)
  A spriggan simulacrum (IceCv)
  A troll simulacrum (IceCv)
  3 wolf simulacra (IceCv)
  A killer bee zombie (D:6)
  A hound skeleton (D:4)
  2 howler monkey zombies (D:9)
  A killer bee simulacrum (D:9)
  11 gnolls
  A howler monkey skeleton (D:6)
  8 adders
  3 naga simulacra (IceCv)
  3 white imps
  5 ufetubi
  4 swamp drake simulacra (Swamp:4)
  An adder skeleton (D:4)
  4 worms
  3 dart slugs
  108 orcs
  6 ball pythons
  2 endoplasms
  5 giant cockroaches
  6 goblins
  4 hobgoblins
  12 jackals (D:2)
  6 quokkas
  11 bats
  7 frilled lizards
  14 kobolds
  6 rats
1665 creatures vanquished.

Vanquished Creatures (others)
  A deep elf elementalist (Elf:3)
  A deep elf annihilator (Elf:1)
  A deep elf knight (Elf:3)
  A spriggan druid (Swamp:3)
  A deep elf zephyrmancer (Elf:3)
  2 bloated husks
  A human (Swamp:4)
  A vampire mosquito (Swamp:1)
  A boggart (D:14)
  2 killer bees (D:8)
  A white imp (IceCv)
  11 ball lightnings (Elf:2)
  4 foxfires (Swamp:2)
  43 fungi
  42 plants
113 creatures vanquished.

Grand Total: 1778 creatures vanquished

Notes
Turn   | Place    | Note
-------+----------+-------------------------------------------
     0 | D:1      | freelancePsychic the Minotaur Arcane Marksman began the
                  | quest for the Orb.
     0 | D:1      | Reached XP level 1. HP: 16/16 MP: 1/1
   153 | D:1      | Found a faded altar of an unknown god.
   724 | D:1      | Reached XP level 2. HP: 24/24 MP: 2/2
   822 | D:1      | Reached skill level 2 in Fighting
  1064 | D:2      | Reached XP level 3. HP: 20/29 MP: 3/3
  1658 | D:3      | Reached skill level 1 in Slings
  1788 | D:3      | Reached XP level 4. HP: 32/37 MP: 4/4
  2186 | D:3      | Reached skill level 3 in Fighting
  2381 | D:4      | Noticed Edmund
  2740 | D:4      | Noticed Ijyb
  2746 | D:4      | Killed Ijyb
  2756 | D:4      | Found a white marble altar of Elyvilon.
  2764 | D:4      | Noticed a scorpion
  2767 | D:4      | Killed a scorpion
  2768 | D:4      | Reached XP level 5. HP: 46/46 MP: 5/5
  2799 | D:4      | Noticed a black bear
  2806 | D:4      | Killed a black bear
  2807 | D:4      | Reached skill level 4 in Fighting
  2807 | D:4      | Reached XP level 6. HP: 53/53 MP: 6/6
  2874 | D:4      | Reached skill level 5 in Fighting
  2944 | D:4      | Found a staircase to the Ecumenical Temple.
  2953 | Temple   | Entered the Ecumenical Temple
  3137 | Temple   | Became a worshipper of Warmaster Okawaru
  3587 | D:3      | Killed Edmund
  3588 | D:3      | Reached XP level 7. HP: 42/61 MP: 7/7
  4140 | D:5      | Entered Level 5 of the Dungeon
  4153 | D:5      | Reached skill level 5 in Bows
  4190 | D:5      | Identified the +1 leather armour of Follow the Leader {+Inv
                  | rF- Str-4 Int+9}
  4242 | D:5      | Reached skill level 6 in Fighting
  4249 | D:5      | Reached * piety under Okawaru
  4794 | D:5      | Reached XP level 8. HP: 71/71 MP: 8/8
  5123 | D:5      | Reached skill level 7 in Fighting
  5137 | D:5      | Reached skill level 5 in Armour
  5195 | D:5      | Found a snail-covered altar of Cheibriados.
  5315 | D:5      | Found a glowing golden altar of the Shining One.
  5589 | D:6      | Identified the +2 leather armour "Lime" {Int+4}
  5594 | D:6      | Noticed Maggie
  5609 | D:6      | Killed Maggie
  5741 | D:6      | Reached XP level 9. HP: 37/81 MP: 9/9
  5775 | D:6      | Reached ** piety under Okawaru
  5804 | D:6      | Reached skill level 8 in Fighting
  5878 | D:6      | Got the Catalogue of Flight
  5908 | D:6      | Found a glowing drain.
  5930 | Sewer    | Entered a sewer
  7627 | D:7      | Reached *** piety under Okawaru
  7651 | D:7      | Reached skill level 10 in Bows
  7651 | D:7      | Reached skill level 1 in Invocations
  7855 | D:7      | Got Sif Muna's Collected Works on Curses
  7980 | D:7      | Reached skill level 9 in Fighting
  8139 | D:8      | Identified the +7 rapier "Cut Ippe" {antimagic, Fly rN+
                  | Int+6}
  8285 | D:8      | Noticed Maurice
  8295 | D:8      | Killed Maurice
  8396 | D:8      | Reached XP level 10. HP: 70/91 MP: 10/10
  8435 | D:8      | Found a broken altar of Ashenzari.
  8446 | D:8      | Found a shadowy altar of Dithmenos.
  8542 | D:8      | Reached **** piety under Okawaru
  8817 | D:8      | Received a gift from Okawaru
  8845 | D:8      | Received a gift from Okawaru
  8846 | D:8      | Reached skill level 10 in Fighting
  9183 | D:9      | Found a staircase to the Orcish Mines.
  9596 | D:9      | Reached skill level 1 in Evocations
  9846 | D:9      | Reached ***** piety under Okawaru
  9884 | D:9      | Reached XP level 11. HP: 56/101 MP: 10/13
  9884 | D:9      | Noticed a two-headed ogre
 10298 | D:9      | Received a gift from Okawaru
 10317 | D:9      | Killed a two-headed ogre
 10391 | D:9      | Reached skill level 11 in Fighting
 10547 | D:9      | Identified the +7 glaive of Qipsaj {flame, Drain Int+4
                  | Dex+4}
 10603 | D:9      | Identified the +10 trident of Magnificence {drain, rCorr}
 10737 | D:9      | Found a shimmering blue altar of Sif Muna.
 10752 | D:9      | Found an ancient bone altar of Kikubaaqudgha.
 10762 | D:9      | Found a radiant altar of Vehumet.
 10864 | D:10     | Entered Level 10 of the Dungeon
 10881 | D:10     | Noticed a two-headed ogre
 10886 | D:10     | Killed a two-headed ogre
 11048 | D:10     | Noticed a two-headed ogre
 11056 | D:10     | Killed a two-headed ogre
 11173 | D:10     | Received a gift from Okawaru
 11462 | D:11     | Received a gift from Okawaru
 11487 | D:11     | Found a staircase to the Lair.
 11590 | D:11     | Noticed a red ugly thing
 11600 | D:11     | Killed a red ugly thing
 11924 | D:11     | Found a sacrificial altar of Ru.
 12267 | Lair:1   | Entered Level 1 of the Lair of Beasts
 12465 | Lair:1   | Reached skill level 5 in Evocations
 12664 | Lair:1   | Received a gift from Okawaru
 12665 | Lair:1   | Reached skill level 12 in Fighting
 12944 | Lair:2   | Reached XP level 12. HP: 112/112 MP: 14/14
 13038 | Lair:2   | Paralysed by a hornet for 1 turns
 13205 | Lair:2   | Noticed a seven-headed hydra
 13212 | Lair:2   | Killed a seven-headed hydra
 13212 | Lair:2   | Received a gift from Okawaru
 13374 | Lair:2   | Received a gift from Okawaru
 13375 | Lair:2   | Reached skill level 15 in Bows
 13419 | Lair:2   | Reached ****** piety under Okawaru
 13419 | Lair:2   | Received a gift from Okawaru
 13518 | Lair:2   | Noticed a four-headed hydra
 13521 | Lair:2   | Killed a four-headed hydra
 13641 | Lair:2   | Reached skill level 13 in Fighting
 13766 | Lair:2   | Found a hole to the Spider Nest.
 14370 | Lair:2   | Found a runed translucent door.
 14370 | Lair:2   | Noticed Nausicaa's ghost (journeyman TrMo)
 14708 | Lair:3   | Noticed a five-headed hydra
 14811 | Lair:3   | Killed a five-headed hydra
 14811 | Lair:3   | Received a gift from Okawaru
 14874 | Lair:3   | Noticed benadryl's ghost (journeyman TrHu)
 14876 | Lair:3   | Found a transporter.
 14880 | Lair:3   | Found a transporter.
 14939 | Lair:3   | Found a staircase to the Swamp.
 15084 | Lair:3   | Reached XP level 13. HP: 115/122 MP: 15/15
 15899 | Lair:3   | Upgraded the game from 0.27-a0-1525-g1038ab4fd7 to
                  | 0.27-a0-1529-g1e82c303ef
 16260 | Lair:4   | Noticed Snorg
 16266 | Lair:4   | Killed Snorg
 16266 | Lair:4   | Received a gift from Okawaru
 16427 | Lair:4   | Noticed Rupert
 16437 | Lair:4   | Killed Rupert
 16920 | Lair:5   | Found a runed translucent door.
 16920 | Lair:5   | Found a viscous altar of Jiyva.
 16924 | Lair:5   | Found a staircase to the Slime Pits.
 17038 | Lair:5   | Identified the +0 pair of gloves "Viahasoj" {rN+} (Okawaru
                  | gifted it to you on level 5 of the Lair of Beasts)
 17038 | Lair:5   | Received a gift from Okawaru
 17553 | Lair:5   | Identified the +1 leather armour "Plog" {Regen+ Dex+3}
 17819 | Lair:6   | Entered Level 6 of the Lair of Beasts
 17999 | Lair:6   | Reached XP level 14. HP: 123/129 MP: 16/16
 18655 | Lair:6   | Received a gift from Okawaru
 18738 | Lair:6   | Found the +9 staff of Olgreb {rPois∞}
 18744 | Lair:6   | Received a gift from Okawaru
 18755 | Lair:6   | Found a large runed translucent door.
 18756 | Lair:6   | Found a large runed translucent door.
 19504 | Orc:1    | Entered Level 1 of the Orcish Mines
 19624 | Orc:1    | Found Vero's Jewellery Shop.
 19890 | Orc:2    | Entered Level 2 of the Orcish Mines
 19890 | Orc:2    | Noticed Saint Roka
 19911 | Orc:1    | Killed Saint Roka
 19912 | Orc:1    | Reached skill level 14 in Fighting
 20205 | Orc:2    | Reached skill level 5 in Dodging
 20261 | Orc:2    | Found a runed translucent door.
 20261 | Orc:2    | Noticed indyram44's ghost (journeyman MiBe)
 20479 | Orc:2    | Found a staircase to the Elven Halls.
 20572 | Orc:2    | Noticed Azrael
 20597 | Orc:2    | Received a gift from Okawaru
 20671 | Orc:2    | Killed Azrael
 21242 | Orc:2    | Found Kiolut's Armour Shop.
 21277 | Orc:2    | Noticed an orc warlord
 21288 | Orc:2    | Reached skill level 1 in Staves
 21328 | Orc:2    | Killed an orc warlord
 21528 | Orc:2    | Found Hohyrr's Book Shop.
 21568 | Orc:2    | Found Igat's Antique Armour Boutique.
 21572 | Orc:2    | Found Budwossuimu's Antique Weapon Shop.
 21987 | Orc:2    | Killed indyram44's ghost
 21990 | Orc:2    | Identified the amulet "Mifaifru" {Acrobat Will++ Dex+4
                  | Slay+2}
 22089 | Orc:2    | Bought a twisted chain mail for 266 gold pieces
 22089 | Orc:2    | Identified the +3 chain mail of Unambiguity {*Slow +Inv
                  | rElec rN++} (You bought it in a shop on level 2 of the
                  | Orcish Mines)
 22308 | Spider:1 | Entered Level 1 of the Spider Nest
 22606 | Spider:1 | Reached XP level 15. HP: 115/139 MP: 17/17
 22784 | Spider:1 | Received a gift from Okawaru
 23046 | Spider:1 | Received a gift from Okawaru
 23664 | Spider:1 | Received a gift from Okawaru
 24541 | Spider:2 | Received a gift from Okawaru
 24693 | Spider:2 | Noticed Asterion
 24708 | Spider:2 | Killed Asterion
 25071 | Spider:2 | Noticed Arachne
 25096 | Spider:2 | Killed Arachne
 25326 | Spider:2 | Found a runed translucent gate.
 25326 | Spider:2 | Found a runed translucent gate.
 25327 | Spider:2 | Found a runed translucent gate.
 25328 | Spider:2 | Noticed dolemite99's ghost (adept HOFi)
 25542 | Spider:2 | Reached skill level 10 in Armour
 26383 | Spider:2 | Reached skill level 10 in Evocations
 26603 | Spider:3 | Identified the +3 pair of gloves of the Earth {+Blink rC+}
                  | (Okawaru gifted it to you on level 3 of the Spider Nest)
 26603 | Spider:3 | Received a gift from Okawaru
 26899 | Spider:3 | Noticed Donald
 26916 | Spider:3 | Killed Donald
 28004 | Spider:4 | Entered Level 4 of the Spider Nest
 28216 | Spider:4 | Reached XP level 16. HP: 122/147 MP: 4/18
 29000 | Spider:4 | Received a gift from Okawaru
 29008 | Spider:4 | Reached skill level 15 in Fighting
 29856 | Spider:4 | Received a gift from Okawaru
 30081 | Spider:4 | Received a gift from Okawaru
 31057 | Spider:4 | Received a gift from Okawaru
 31136 | Spider:4 | Received a gift from Okawaru
 31170 | Spider:4 | Got a gossamer rune of Zot
 31591 | Elf:1    | Entered Level 1 of the Elven Halls
 31671 | Elf:1    | Identified the +1 leather armour "Onovab" {Str+7}
 31679 | Elf:1    | Reached skill level 16 in Fighting
 32371 | Elf:1    | Received a gift from Okawaru
 32791 | Elf:2    | Found Kafibb's Jewellery Emporium.
 32803 | Elf:2    | Found Remeamn's Weapon Shop.
 32845 | Elf:2    | Found Vulir's Assorted Antiques.
 32868 | Elf:2    | Reached XP level 17. HP: 159/159 MP: 19/19
 32924 | Elf:2    | Found Voles's Antique Armour Shop.
 33134 | Elf:2    | Found a shimmering altar of Xom.
 33151 | Elf:2    | Found Ineozup's Self-Improvement Boutique.
 33210 | Elf:2    | Found a runed translucent gate.
 33212 | Elf:2    | Found a runed translucent gate.
 33215 | Elf:2    | Found a runed translucent gate.
 33350 | Elf:2    | Found Ikhlok's Weapon Shoppe.
 33478 | Elf:2    | Identified Roxanne's Grimoire of Stones
 33478 | Elf:2    | Noticed Roxanne
 33495 | Elf:2    | Killed Roxanne
 33662 | Elf:3    | Entered Level 3 of the Elven Halls
 33754 | Elf:3    | Found Abetara's Antique Armour Emporium.
 33770 | Elf:3    | Bought a pair of jewelled boots for 294 gold pieces
 33770 | Elf:3    | Identified the +0 pair of boots "Mouloxt" {rPois Will-
                  | Str+4 Dex+6} (You bought it in a shop on level 3 of the
                  | Elven Halls)
 33790 | Elf:3    | Received a gift from Okawaru
 34108 | Elf:3    | Identified the +2 robe of the Battered Orbs {Str+4}
                  | (Okawaru gifted it to you on level 3 of the Elven Halls)
 34108 | Elf:3    | Received a gift from Okawaru
 34114 | Elf:3    | Reached skill level 17 in Fighting
 34293 | Elf:3    | Noticed a deep elf blademaster
 34301 | Elf:3    | Identified the +4 long sword of Greed {vorpal, Int+2}
 34322 | Elf:3    | Killed a deep elf blademaster
 34341 | Elf:3    | Noticed a deep elf master archer
 34346 | Elf:3    | Noticed a deep elf blademaster
 34371 | Elf:3    | Killed a deep elf blademaster
 34981 | Elf:3    | Reached skill level 15 in Armour
 35214 | Elf:3    | Identified the ring "Fywakh" {rElec rPois Will+ SInv}
 35761 | Elf:3    | Reached XP level 18. HP: 171/171 MP: 20/20
 35785 | Elf:3    | Reached skill level 18 in Fighting
 35918 | Elf:3    | Identified the +0 scale mail "Rokhepn" {rCorr Int+2 Stlth+}
 35923 | Elf:3    | Noticed Bai Suzhen
 35946 | Elf:3    | Killed Bai Suzhen
 35946 | Elf:3    | Received a gift from Okawaru
 36022 | Elf:3    | Got Rungixodysk's Incunabulum of Combat Magic
 36129 | Elf:3    | Identified the +2 scale mail of Absence {rPois Int+2}
 36130 | Elf:3    | Identified the +3 whip "Jerhumo" {vorpal, rC+ rN+ Will++}
 36455 | Swamp:1  | Entered Level 1 of the Swamp
 36455 | Swamp:1  | Noticed Aizul
 36468 | Lair:3   | Killed Aizul
 38274 | Swamp:2  | You fall into a shaft and drop 1 floor!
 39308 | Swamp:3  | Received a gift from Okawaru
 39328 | Swamp:3  | Reached skill level 19 in Fighting
 40599 | Swamp:4  | Entered Level 4 of the Swamp
 40600 | Swamp:4  | Received a gift from Okawaru
 40928 | Swamp:4  | Identified the +8 scimitar "Mygaog" {elec, rElec rF- Int+4}
 41118 | Swamp:4  | Reached skill level 10 in Dodging
 41625 | Swamp:4  | Noticed Kirke
 41642 | Swamp:4  | Killed Kirke
 41649 | Swamp:4  | Noticed a tentacled monstrosity
 41658 | Swamp:4  | Killed a tentacled monstrosity
 41836 | Swamp:4  | Received a gift from Okawaru
 42348 | Swamp:4  | Reached XP level 19. HP: 157/184 MP: 21/21
 42841 | Swamp:4  | Got a decaying rune of Zot
 43226 | D:12     | Reached skill level 20 in Fighting
 43231 | D:12     | Found a frozen archway.
 43237 | IceCv    | Entered an ice cave
 43571 | IceCv    | Identified the +1 quarterstaff of Hubris {antimagic, *Noise
                  | rC+ Str+5} (Okawaru gifted it to you in an ice cave)
 43571 | IceCv    | Received a gift from Okawaru
 44115 | D:12     | Noticed Psyche
 44120 | D:12     | Killed Psyche
 44272 | D:12     | Noticed Jorgrun
 44280 | D:12     | Killed Jorgrun
 44904 | D:13     | Found a gate to the Vaults.
 45473 | D:13     | Noticed Frances
 45479 | D:13     | Killed Frances
 45619 | D:13     | Found Jumuxoni's Assorted Antiques.
 45871 | D:14     | Found a runed translucent door.
 45871 | D:14     | Found a runed translucent door.
 45875 | D:14     | Found a gate leading to a gauntlet.
 45885 | Gauntlet | Entered a Gauntlet
 45885 | Gauntlet | Found a transporter.
 45885 | Gauntlet | Found a transporter.
 45941 | Gauntlet | Found a transporter.
 45944 | Gauntlet | Found a transporter.
 45944 | Gauntlet | Found a transporter.
 45955 | Gauntlet | Found the -2 hat of the Alchemist {rElec rPois rF+ rC+ rN+
                  | Will+ rMut rCorr}
 45960 | Gauntlet | Found a transporter.
 45961 | Gauntlet | Found a transporter.
 45967 | Gauntlet | Found a transporter.
 45975 | Gauntlet | Found a transporter.
 45993 | Gauntlet | Found a transporter.
 46001 | Gauntlet | Found a transporter.
 46019 | Gauntlet | Found a transporter.
 46405 | D:14     | Noticed dolemite99's ghost (journeyman MiFi)
 46421 | D:14     | Received a gift from Okawaru
 46775 | D:14     | Found a white marble altar of Elyvilon.
 46794 | D:14     | Found a glowing silver altar of Zin.
 46796 | D:14     | Found a glowing golden altar of the Shining One.
 47400 | D:14     | Identified the +2 hunting sling "Fiblu" {venom, Will+}
 47522 | D:15     | Entered Level 15 of the Dungeon
 48070 | D:15     | Found a snail-covered altar of Cheibriados.
 48142 | D:15     | Noticed Josephine
 48146 | D:15     | Killed Josephine
 48493 | D:15     | Received a gift from Okawaru
 48494 | D:15     | Found Pebah's Antique Weapon Shop.
 48523 | D:15     | Reached skill level 21 in Fighting
 48526 | D:15     | Found a staircase to the Depths.
 48703 | Vaults:1 | Entered Level 1 of the Vaults
 49355 | Vaults:1 | Identified a scroll of acquirement
 49356 | Vaults:1 | Acquired a +7 longbow of freezing
 49474 | Vaults:1 | Reached skill level 15 in Dodging
 50159 | Vaults:1 | Reached XP level 20. HP: 183/198 MP: 22/22
 50865 | Vaults:2 | Found Cumeduliuss's General Store.
 50873 | Vaults:2 | Bought a scroll of teleportation for 48 gold pieces
 50873 | Vaults:2 | Bought a scroll of teleportation for 48 gold pieces
 50979 | Vaults:2 | Received a gift from Okawaru
 51190 | Vaults:2 | Received a gift from Okawaru
 51413 | Vaults:2 | Received a gift from Okawaru
 52119 | Vaults:2 | Reached skill level 5 in Invocations
 52987 | Vaults:2 | Identified the +0 shortbow of the Mushroom {vorpal, rN++}
                  | (Okawaru gifted it to you on level 2 of the Vaults)
 52987 | Vaults:2 | Received a gift from Okawaru
 54492 | Vaults:3 | Reached XP level 21. HP: 106/205 MP: 25/25
 54767 | Vaults:3 | Received a gift from Okawaru
 55093 | Vaults:3 | Received a gift from Okawaru
 55237 | Vaults:3 | Identified the +5 shortbow "Rirph" {freeze, rF+ Dex+2}
                  | (Okawaru gifted it to you on level 3 of the Vaults)
 55237 | Vaults:3 | Received a gift from Okawaru
 55446 | Vaults:3 | Noticed Jory
 55477 | Vaults:3 | Killed Jory
 55809 | Vaults:3 | Found a staircase to the Crypt.
 55820 | Vaults:3 | Identified the +0 buckler "Xesulia" {Dex+2}
 56791 | Vaults:4 | Reached skill level 22 in Fighting
 56792 | Vaults:4 | Received a gift from Okawaru
 57315 | Vaults:4 | Received a gift from Okawaru
 58293 | Depths:1 | Entered Level 1 of the Depths
 59353 | Depths:1 | Identified the +1 pair of gloves "Jolizog" {Int+5} (Okawaru
                  | gifted it to you on level 1 of the Depths)
 59353 | Depths:1 | Received a gift from Okawaru
 59455 | Depths:1 | Found a radiant altar of Vehumet.
 59527 | Depths:1 | Found a runed translucent gate.
 59528 | Depths:1 | Found a runed translucent gate.
 59528 | Depths:1 | Found a runed translucent gate.
 59905 | Depths:1 | Found a gateway to Hell.
 60229 | Depths:2 | Reached XP level 22. HP: 217/217 MP: 26/26
 60688 | Depths:2 | Found a sparkling altar of Nemelex Xobeh.
 61656 | Depths:3 | Noticed a caustic shrike
 61672 | Depths:3 | Killed a caustic shrike
 61680 | Depths:3 | Noticed a caustic shrike
 62196 | Depths:3 | Noticed a juggernaut
 62201 | Depths:3 | Killed a juggernaut
 62202 | Depths:3 | Reached skill level 23 in Fighting
 62325 | Depths:3 | Noticed a caustic shrike
 62346 | Depths:3 | Killed a caustic shrike
 62652 | Depths:3 | Received a gift from Okawaru
 62734 | Depths:3 | Noticed a juggernaut
 62741 | Depths:3 | Killed a juggernaut
 62757 | Depths:3 | Received a gift from Okawaru
 62795 | Depths:3 | Killed a caustic shrike
 62871 | Depths:3 | Received a gift from Okawaru
 62968 | Depths:3 | Found a one-way gate leading to the halls of Pandemonium.
 62999 | Depths:3 | Paralysed by a floating eye for 4 turns
 63002 | Depths:3 | HP: 7/220 [brown very ugly thing (11)]
 63002 | Depths:3 | HP: 3/220 [acid (4)]
 63003 | Depths:3 | Slain by a deep troll

Illustrated notes

Levels and vault maps discovered:
D:1:      erik_arrival_blinker_ship, layout_basic,
          shapermc_ecumenical_altar_notcrosses, st_stairs_8
D:2:      layout_rooms
D:3:      layout_rooms
D:4:      layout_cave_pods, nicolae_elyvilon_peaceful_grove,
          minmay_temple_entry_nine_rooms, uniq_ijyb, uniq_edmund
D:5:      layout_rooms, mainiacjoe_overflow_chevrons,
          nicolae_tso_carved_into_rock, kennysheep_generic_room_9
D:6:      layout_basic, cheibrodos_sewer_entry_bend, uniq_maggie
D:7:      layout_loops_corners, minmay_misc_feat_nine_boxes
D:8:      layout_loops_cross, mainiacjoe_overflow_catwalk_spiral,
          minmay_misc_feat_alley, uniq_maurice
D:9:      minmay_the_grid_net [minmay_the_grid_garden, minmay_the_grid_spikes,
          minmay_the_grid_all_tris, minmay_the_grid_stretched_grid,
          minmay_the_grid_expand, minmay_the_grid_prize_shrinking_boxes],
          layout_basic, palyth_temple_overflow_mages, david_orc_3
D:10:     layout_loops_ring
D:11:     layout_basic, lair_entry_dummy, hangedman_ru_absence
D:12:     layout_rooms, portal_ice_cave_entry_pillars_1, uniq_jorgrun,
          uniq_psyche
D:13:     layout_loops_cross, david_vaults_2, serial_shops, kennysheep_mini,
          roderic_lattice_a, due_unseen_surprise, uniq_frances
D:14:     layout_small_grid, muffindrake_ghost_dual_entry,
          good_gods_mini_temple, gauntlet_entry_generic
D:15:     grunt_enter_depths_hoard, layout_loops_ring, cheibriados_altar_1,
          serial_shops, shop, uniq_josephine
Temple:   dpeg_chambers_temple
Lair:1:   layout_gridlike, chequers_serial_rivers_micro_c
Lair:2:   cheibrodos_lair_overgrown_chateau, layout_gridlike,
          nicolae_spider_entry_tight_spaces, gammafunk_ghost_grave,
          serial_bayou_pond_e, grunt_megastairs_3
Lair:3:   layout_regular_city, minmay_swamp_entry_worms, gammafunk_ghost_arena,
          beast_lair_carwin_10
Lair:4:   layout_cave_pods, lemuel_fruit_fields, uniq_snorg, uniq_rupert
Lair:5:   layout_cave_pods, slime_altar_2
Lair:6:   cheibrodos_lair_end_hotspot, layout_misc_corridors, roderic_batcave
Swamp:1:  layout_basic_swamp, hangedman_swamp_ruin_wall, uniq_aizul
Swamp:2:  layout_basic_swamp, evilmike_swamp_ruin_house_2
Swamp:3:  layout_basic_swamp, nicolae_swamp_treefoil, swamp_pool1,
          nicolae_swamp_bean_lake
Swamp:4:  swamp_icy, layout_basic_swamp, beargit_elvish_explorers, uniq_kirke
Spider:1: layout_chambers, nicolae_spider_wall_of_niches
Spider:2: layout_chambers, gammafunk_ghost_tricky_traps,
          nicolae_spider_claw_tunnel, uniq_arachne, uniq_asterion
Spider:3: layout_spider_delve, uniq_donald
Spider:4: floodkiller_spider_rune_tomb
Orc:1:    layout_caves, serial_shops, shop
Orc:2:    grunt_orc_community_town_hall, layout_diamond_mine,
          grunt_orc_community_big_house_1, grunt_orc_community_big_house_2,
          grunt_orc_community_house_3, grunt_orc_community_house_2,
          grunt_orc_community_house_1, grunt_orc_community_house_3,
          grunt_orc_community_house_3, gammafunk_ghost_grave, basic_altar,
          uniq_azrael, uniq_saint_roka
Elf:1:    layout_rooms, hangedman_elf_represent, grunt_megastairs_1
Elf:2:    layout_gridlike, basic_altar, serial_aquarium, aquarium_bridge_square
          [aquarium_subvault_wall, aquarium_subvault_balcony,
          aquarium_subvault_bridge, aquarium_subvault_window],
          aquarium_window_2, aquarium_window_1, aquarium_window_2,
          aquarium_view_2c, aquarium_balcony_3b, serial_shops,
          nicolae_stop_n_shop_2, nicolae_stop_n_shop_2, nicolae_diamond_shop,
          nicolae_shop_overgrown_old_shop, shop, grunt_ministairs_12,
          nicolae_shop_self_help, uniq_roxanne
Elf:3:    minmay_elf_hall_spiked, layout_loops_corners, serial_shops, shop,
          uniq_bai_suzhen
Vaults:1: ontoclasm_vaults_ligature, vaults_room_semicircle,
          vaults_room_semicircle, vaults_room_grid, ontoclasm_vaults_chip,
          layout_vaults_omnigrid
Vaults:2: ontoclasm_vaults_misaligned, ontoclasm_vaults_claustrophobia,
          v_alt_pattern_5, nicolae_vaults_little_squares_3,
          nicolae_vaults_back_hallway, nicolae_vaults_branching_niches,
          grunt_vaults_focal, v_pattern_5, nicolae_vaults_little_ls, v_misc_17,
          ontoclasm_vaults_chip, layout_vaults_maze_bifur, serial_shops,
          nicolae_square_shop
Vaults:3: minmay_crypt_entry_vampire_xt, nicolae_vaults_little_squares_6,
          v_misc_3, vaults_dpeg_diagonal, v_misc_12, vaults_room_semicircle,
          nicolae_vaults_mini_display_case, hangedman_vaults_nails,
          layout_vaults_omnicross, uniq_jory
Vaults:4: special_room_vaults [special_room_orc],
          nicolae_vaults_disjoint_gnomons, nicolae_vaults_circle_grid_b,
          ontoclasm_vaults_ring_small, hangedman_vaults_corner_blocks,
          vaults_room_pools, grunt_vaults_twisty, dpeg_vaults_monster_box,
          nicolae_vaults_theta, nicolae_vaults_border_crossing,
          layout_vaults_chaotic_city
Depths:1: layout_cave_shapes, lightli_too_deep, nicolae_vehumet_radiance,
          pandoras_box_mu, kennysheep_cross_landing
Depths:2: mu_elemental_laboratory, layout_gridlike, pf_coc_iceberg,
          minmay_misc_feat_columns, nemelex_spade_bored_becter
Depths:3: minmay_octagon_city, layout_gridlike, pan_entry,
          grunt_hell_entry_dis_old, nicolae_abyss_entry_one_way_or_another,
          serial_bayou_pond_a, infiniplex_staircase_hallway_doors

Skill      XL: |  1  2  3  4  5  6  7  8  9 10 11 12 13 14 15 16 17 18 19 20 21 22 |
---------------+-------------------------------------------------------------------+-----
Bows           | 3 4 6 8 10 12 14 16 19 20 | 20.0
Fighting       | 2 3 4 5 6 7 9 10 12 13 14 16 17 19 21 22 23 | 23.4
Slings         | 1 3 4 |  4.0
Armour         | 2 4 6 7 9 11 13 15 16 17 18 20 21 | 21.2
Invocations    | 2 4 7 |  7.0
Evocations     | 2 5 7 10 12 13 | 13.6
Dodging        | 5 7 10 15 17 19 20 | 20.1
Staves         | 4 |  4.0
Spellcasting   | |  1.0
Hexes          | |  2.0

Action                   |  1- 3 |  4- 6 |  7- 9 | 10-12 | 13-15 | 16-18 | 19-21 | 22-24 || total
-------------------------+-------+-------+-------+-------+-------+-------+-------+-------++-------
Melee: Dagger            |    55 |       |       |       |       |       |       |       ||    55
       Unarmed           |    17 |       |       |       |       |       |       |       ||    17
       Headbutt          |     8 |       |       |       |    65 |    28 |       |       ||   101
       Shortbow          |       |       |       |     1 |       |       |       |       ||     1
       Longbow           |       |       |       |     1 |       |       |       |       ||     1
       Staff             |       |       |       |       |   332 |   125 |       |     5 ||   462
       Punch             |       |       |       |       |     1 |       |       |       ||     1
 Fire: Shortbow          |    36 |       |    91 |   398 |       |       |       |       ||   525
       Hunting sling     |    48 |   112 |   345 |     3 |       |       |       |       ||   508
       Longbow           |       |       |       |   352 |   775 |  1181 |  1907 |   358 ||  4573
Throw: Javelin           |       |       |       |     9 |       |       |       |       ||     9
       Dart              |       |       |       |     1 |       |       |       |       ||     1
Invok: Heroism           |       |       |     4 |     4 |    11 |    13 |    11 |     1 ||    44
       Finesse           |       |       |       |     1 |     7 |     8 |     3 |     1 ||    20
 Abil: Evoke Invisibilit |       |       |       |       |     1 |     7 |       |       ||     8
Evoke: Wand              |       |       |     1 |    10 |    14 |     3 |       |     4 ||    32
       Staff of Olgreb   |       |       |       |       |    73 |    21 |       |     1 ||    95
       Phial of floods   |       |       |       |       |       |     4 |       |     1 ||     5
       Condenser vane    |       |       |       |       |       |     2 |     1 |     1 ||     4
  Use: Scroll            |       |     7 |     2 |     9 |    15 |    16 |     7 |     4 ||    60
       Potion            |       |       |     1 |     3 |     2 |     9 |       |     3 ||    18
 Stab: Invisible         |       |       |       |       |     2 |       |       |       ||     2
Armor: Leather armour    |    20 |       |       |       |       |       |       |       ||    20
       Chain mail        |    43 |    23 |   134 |   209 |   548 |   443 |   436 |    75 ||  1911
Dodge: Dodged            |    68 |    13 |    61 |   146 |   503 |   415 |   464 |   101 ||  1771

Table legend: (Time is in decaauts)
 A = Elapsed time spent in this place.
 B = Non-inter-level travel time spent in this place.
 C = Inter-level travel time spent in this place.
 D = Time resting spent in this place.
 E = Time spent auto-exploring this place.
 F = Levels seen in this place.
 G = Mean time per level.
                   A        B        C        D        E       F      G
               +--------+--------+--------+--------+--------+-----+--------+
         Total |  62077 |  59412 |   2665 |   6440 |  43112 |  45 | 1379.5 |
       Dungeon |  15987 |  14990 |    997 |   1104 |  10980 |  15 | 1065.8 |
        Temple |    211 |    184 |     27 |      0 |    180 |   1 |  211.0 |
          Lair |   7924 |   7310 |    614 |    215 |   5957 |   6 | 1320.7 |
         Swamp |   5978 |   5787 |    191 |   1345 |   3690 |   4 | 1494.5 |
   Spider Nest |   9103 |   8867 |    236 |   1075 |   6675 |   4 | 2275.8 |
  Orcish Mines |   2644 |   2427 |    217 |    138 |   1645 |   2 | 1322.0 |
   Elven Halls |   4515 |   4417 |     98 |    589 |   2976 |   3 | 1505.0 |
        Vaults |   9187 |   8967 |    220 |    856 |   6975 |   4 | 2296.8 |
        Depths |   4523 |   4460 |     63 |   1020 |   2697 |   3 | 1507.7 |
         Sewer |    754 |    754 |      0 |      0 |    641 |   1 |  754.0 |
      Ice Cave |    741 |    741 |      0 |     42 |    452 |   1 |  741.0 |
      Gauntlet |    505 |    505 |      0 |     55 |    240 |   1 |  505.0 |
               +--------+--------+--------+--------+--------+-----+--------+

Top non-repeatable levels by time:
Spider:4: 3287 daAuts
Vaults:2: 3021 daAuts
   Elf:3: 2476 daAuts
Spider:1: 2262 daAuts
Vaults:3: 2220 daAuts
Vaults:1: 2023 daAuts
Spider:2: 2010 daAuts
  Lair:2: 1995 daAuts
   Orc:2: 1978 daAuts
Vaults:4: 1922 daAuts
 Swamp:4: 1919 daAuts
  Lair:3: 1847 daAuts
     D:4: 1764 daAuts
Depths:1: 1746 daAuts
 Swamp:3: 1704 daAuts
